 Dungeon Crawl Stone Soup version 0.19.5 (webtiles) character file.

857002 galech the Dwarven Barricade (level 27, -2/265 HPs)
             Began as a Deep Dwarf Fighter on Mar 18, 2017.
             Was the Champion of Makhleb.
             Killed by divine providence
             ... invoked by a greater mummy
              (6 damage)
             ... on level 10 of a ziggurat on Mar 20, 2017.
             The game lasted 04:45:11 (68508 turns).

galech the Dwarven Barricade (Deep Dwarf Fighter)  Turns: 68508, Time: 04:45:12

Health: -2/265     AC: 55    Str: 26    XL:     27
Magic:  2/2        EV: 19    Int: 21    God:    Makhleb [******]
Gold:   8767       SH: 43    Dex: 14    Spells: 0 memorised, 26 levels left

rFire  + . .     SeeInvis .     a - +9 demon trident (pierce)
rCold  + + .     Gourm    .     D - +12 gold dragon scales
rNeg   + . .     Faith    .     Z - +4 large shield
rPois  +         Spirit   .     S - +2 helmet {Int+3}
rElec  .         Reflect  +     X - +2 cloak of Eternal Night {Int+2 Dex+3}
rCorr  +         Harm     .     Q - +2 pair of gloves
MR     ++...     Rnd*Tele +     G - +2 pair of boots of Raohuemy {-Cast MR+ Regen+ rCorr Int+2}
Stlth  .......... NoCast   +    j - brooch of Shielding {Reflect SH+8}
                                u - ring of the Octopus King {rC+ AC+1 EV+1 Str+1 Int+1 Dex+1}
                                W - +6 ring of evasion

@: vulnerable, flayed, very slightly contaminated, non-regenerating, slowed,
very slow
A: damage resistance, recharge devices, repulsion field 1, large bone plates 1,
clumsy 1, frail 1, low mp 1, mutation resistance 1, negative energy resistance
1, sense surroundings 3, slow regeneration 3, teleportitis 1, weak 2, subdued
magic 1
a: Device Recharging, Minor Destruction, Lesser Servant of Makhleb, Major
Destruction, Greater Servant of Makhleb, Renounce Religion
}: 5/15 runes: serpentine, barnacled, slimy, silver, abyssal


You were on level 10 of a ziggurat.
You worshipped Makhleb.
Makhleb was exalted by your worship.
You were very hungry.

You visited 15 branches of the dungeon, and saw 61 of its levels.
You visited the Abyss 3 times.
You visited 1 ziggurat, and saw 10 of its levels.
You also visited: Sewer, Ossuary, Ice Cave and Volcano.

You collected 10557 gold pieces.
You spent 1790 gold pieces at shops.

Inventory:

Hand Weapons
 a - a +9 demon trident of piercing (weapon)
 E - the +12 glaive of Prune {chop}
   (You found it on level 8 of a ziggurat)

   It inflicts extra damage upon your enemies.
Armour
 r - the +1 large shield of the Stars {rF+ SInv}
   (You took it off a tengu conjurer on level 4 of the Depths)

   It protects you from fire.
   It lets you see invisible.
 D - +12 gold dragon scales (worn)
 G - the +2 pair of boots of Raohuemy (worn) {-Cast MR+ Regen+ rCorr Int+2}
   (You found it on level 3 of the Realm of Zot)

   It affects your intelligence (+2).
   It affects your resistance to hostile enchantments.
   It prevents spellcasting.
   It increases your rate of regeneration.
   It protects you from acid and corrosion.
 Q - a +2 pair of gloves (worn)
 R - a +2 pair of boots of flying
 S - a +2 helmet of intelligence (worn)
 X - the +2 cloak of Eternal Night (worn) {Int+2 Dex+3}
   (You found it on level 11 of the Dungeon)

   It affects your intelligence (+2).
   It affects your dexterity (+3).
 Z - a +4 large shield (worn)
Jewellery
 j - the brooch of Shielding (around neck) {Reflect SH+8}
   (You took it off a deep elf sorcerer on level 3 of the Elven Halls)

   [amulet of reflection]

   It shields you and reflects attacks.
   It affects your SH (+8).
 u - a ring of the Octopus King (right hand) {rC+ AC+1 EV+1 Str+1 Int+1 Dex+1}
   (You took it off a frost giant on level 5 of the Vaults)

   [ring of protection from cold]

   It affects your AC (+1).
   It affects your evasion (+1).
   It affects your strength (+1).
   It affects your intelligence (+1).
   It affects your dexterity (+1).
   It protects you from cold.
 y - an uncursed ring of positive energy
 z - the amulet "Epseukh" {+Rage rF+ rC++ Int-5}
   (You found it on level 4 of the Snake Pit)

   [amulet of rage]

   It affects your intelligence (-5).
   It protects you from fire.
   It greatly protects you from cold.
   It lets you go berserk.
 P - a +3 ring of evasion
 W - a +6 ring of evasion (left hand)
 Y - the ring "Ynaeseduwn" {MR+ Int+4 SInv Stlth-}
   (You took it off a deep elf blademaster on level 3 of the Elven Halls)

   [ring of loudness]

   It affects your intelligence (+4).
   It affects your resistance to hostile enchantments.
   It lets you see invisible.
   It makes you less stealthy.
Wands
 e - a wand of heal wounds (0/9)
 C - a wand of digging (6/24)
Scrolls
 b - 12 scrolls of teleportation
 c - 2 scrolls of silence
 g - 22 scrolls of identify
 l - 42 scrolls of remove curse
 m - 8 scrolls of blinking
 n - 3 scrolls of holy word
 o - 14 scrolls of magic mapping
 p - 17 scrolls of enchant weapon
 x - 18 scrolls of amnesia
 B - 3 scrolls of summoning
 H - 14 scrolls of fog
 J - 6 scrolls of fear
 O - a scroll of brand weapon
Potions
 d - 10 potions of might
 i - 14 potions of resistance
 k - 5 potions of ambrosia
 t - 7 potions of invisibility
 v - 20 potions of curing
 F - 14 potions of agility
 I - a potion of brilliance
 K - 2 potions of magic
 M - 3 potions of berserk rage
 U - 5 potions of haste
 V - 5 potions of cancellation
Miscellaneous
 q - the horn of Geryon (inert)
Comestibles
 f - 14 bread rations
 s - 18 beef jerkies
 w - 13 slices of pizza
 L - 5 chunks of flesh
 N - 26 fruits
 T - 33 meat rations


   Skills:
 + Level 26.4 Fighting
   Level 12.4(20.8) Axes
 - Level 22.7(23.3) Polearms
 + Level 25.2 Armour
 - Level 6.1 Dodging
 - Level 3.4 Stealth
 O Level 27 Shields
 + Level 22.6 Evocations


You had 26 spell levels left.
You didn't know any spells.

Dungeon Overview and Level Annotations

Branches:
Dungeon (15/15)            Temple (1/1) D:6            Lair (6/6) D:11
 Shoals (4/4) Lair:2        Snake (4/4) Lair:2        Slime (5/5) Lair:6
    Orc (2/2) D:10            Elf (3/3) Orc:2        Vaults (5/5) D:13
  Crypt (3/3) Vaults:3       Tomb (2/3) Crypt:3      Depths (5/5) D:15
   Hell (1/1)                 Dis (0/7) Hell            Geh (0/7) Hell
    Coc (0/7) Hell            Tar (1/7) Hell            Zot (4/5) Depths:5

Altars:
Ashenzari
Cheibriados
Dithmenos
Elyvilon
Fedhas
Gozag
Hepliaklqana
Kikubaaqudgha
Makhleb
Nemelex Xobeh
Okawaru
Qazlal
Ru
Sif Muna
Trog
Uskayaw
Vehumet
Xom
Yredelemnul
Zin
The Shining One
Jiyva

Shops:
D:7 ?   D:8 %   Orc:2 :*?}=   Elf:2 :   Elf:3 *   Vaults:1 ?   Vaults:3 }
Depths:1 :[(

Portals:
Hell: Depths:1 Depths:2 Depths:4 Depths:5
Abyss: Depths:1 Depths:2 Depths:4 Depths:5
Pandemonium: Depths:1

Annotations:
Zig:10 exclusion: lightning spire


Innate Abilities, Weirdness & Mutations

You are resistant to damage.
You can recharge devices by infusing magical energy.
You resist negative energy. (rN+)
You passively map a large area around you.
You do not regenerate.
You are surrounded by a mild repulsion field. (EV +2)
You are partially covered in large bone plates. (SH +4)
You are clumsy. (Dex -2)
You are frail. (-10% HP)
Your magical capacity is low. (-10% MP)
You are somewhat resistant to further mutation.
You are occasionally teleported next to monsters.
You are very weak. (Str -4)
Your spells are a little easier to cast, but a little less powerful.


Message History

You block the jiangshi's attack. x2
The mummy priest calls on the powers of darkness!
The emperor scorpion convulses! x5; Your body is wracked with pain!
The phantasmal warrior blinks!
The emperor scorpion stings you but does no damage.
You block the emperor scorpion's attack.
The emperor scorpion completely misses you.
You closely miss the jiangshi.
The jiangshi is moderately damaged.
You block the jiangshi's attack. x2; The phantasmal warrior hits you!
* * * LOW HITPOINT WARNING * * *
Your magical defenses are stripped away!
You block the jiangshi's attack. x2
The emperor scorpion completely misses you.
The emperor scorpion claws you but does no damage. x2
You hit the jiangshi.
The jiangshi is heavily damaged.
The greater mummy gestures at you while chanting.
Something smites you!
You die...

▓▓▓▓▓▓▓▓▓
▓.........▓
▓.........▓
▓........Z▓▓▓▓▓▓
........nMsMWW@▓
........ZWWMssV▓
,...#...#ZZ4zMss▓
...M§...ZMMMWM8▓
.M...8§.ZZMWsMs▓
,
.Z.......zsZMMZ▓
...#...#.W.Z..Z▓
,M..............▓
,...............▓


You could see 2 greater mummies, 5 emperor scorpions, 3 mummy priests, a
jiangshi, 2 flayed ghosts, 2 phantasmal warriors, a guardian mummy, an ushabti,
a freezing wraith, a spectral shadow dragon, a spectral fire giant, a hungry
ghost, a chaos spawn, a wraith, 3 death scarabs, a necrophage, 2 flying skulls,
6 mummies, a golden dragon simulacrum, a deep elf annihilator zombie, 2 spriggan
defender zombies, a fire giant zombie, a golden dragon skeleton, a sphinx
skeleton, a spriggan defender skeleton and a caustic shrike skeleton.

Vanquished Creatures
  the Royal Jelly (Slime:5)
  Dissolution (Slime:4)
  3 orbs of fire
  6 ancient liches
  2 juggernauts
  3 greater mummies
  A pandemonium lord (Zig:2)
  Sojobo (Depths:3)
  Bai Suzhen (Crypt:2)
  A Killer Klown (Zot:2)
  5 caustic shrikes (Depths:4)
  Vashnia (Snake:2)
  3 curse toes
  Geryon (Hell)
  16 bone dragons
  3 profane servitors
  13 golden dragons
  A pearl dragon (Zig:4)
  the Enchantress (Depths:2)
  An iron giant (Zig:9)
  2 doom hounds (Tar:1)
  An electric golem (Zot:2)
  4 Tzitzimimeh (Tar:1)
  Jorgrun (Shoals:3)
  Rupert (Lair:4)
  18 tentacled monstrosities
  2 Hell Sentinels
  16 liches
  8 titans
  The ghost of Scuka the Slayer, an adept MiBe of Trog (Shoals:3)
  8 quicksilver dragons
  Asterion (Vaults:3)
  3 deep elf blademasters
  14 ancient champions
  10 sphinxes
  13 tentacled starspawn
  18 acid blobs
  13 death cobs
  The ghost of Scuka the Slayer, an adept MiBe of Trog (Shoals:1)
  Polyphemus (Shoals:3)
  9 storm dragons
  The ghost of Vasilisck the Peltast, an adept MiFi of Okawaru (IceCv)
  10 tengu reavers
  9 nagarajas
  2 draconian monks
  2 daevas
  Donald (Shoals:3)
  12 shadow dragons
  16 azure jellies
  3 revenants
  16 fire giants
  4 draconian knights
  11 frost giants
  Ilsuiw (Shoals:4)
  17 deep elf sorcerers
  3 draconian scorchers
  4 ghost moths
  5 iron dragons
  Louise (Depths:5)
  Aizul (Snake:2)
  6 balrugs
  2 orc warlords (Zig:6)
  4 curse skulls
  10 vault wardens
  6 deep elf elementalists
  A juggernaut zombie (Hell)
  7 reapers
  5 spriggan defenders
  3 draconian shifters
  4 draconian zealots
  7 war gargoyles
  8 ghouls
  A draconian caller (Zot:1)
  An angel (Abyss:1)
  2 entropy weavers (Vaults:4)
  17 stone giants
  4 draconian annihilators
  17 ironheart preservers
  An ophan (Zig:4)
  10 very ugly things
  A lorocyproca (Abyss:4)
  6 deep elf demonologists
  6 green draconians
  Nessos (Orc:2)
  7 vampire knights
  9 yellow draconians
  5 red draconians
  9 purple draconians
  10 deep elf annihilators
  6 black draconians
  6 merfolk javelineers
  8 white draconians
  A dire elephant (Lair:4)
  6 mottled draconians
  21 ettins
  2 blizzard demons
  8 deep elf death magi
  5 eidola
  An ettin (shapeshifter) (Depths:4)
  9 death oozes
  4 green deaths
  A great orb of eyes (shapeshifter) (Depths:1)
  14 fire dragons
  A quicksilver dragon zombie (Tar:1)
  17 merfolk impalers
  11 jiangshi
  10 mummy priests
  A quicksilver dragon skeleton (Crypt:2)
  12 ogre magi
  7 hydras
  10 great orbs of eyes
  11 ice dragons
  14 yaktaur captains
  7 rakshasas
  11 naga warriors
  10 deep elf high priests
  Erolcha (Orc:2)
  30 vault guards
  The ghost of tricornhat the Basher, a journeyman DsBe of Trog (D:12)
  3 death knights
  A hell beast (Hell)
  A catoblepas (Shoals:4)
  3 merfolk avatars
  6 spriggan air magi
  An alligator snapping turtle (Shoals:2)
  The ghost of galech the Cleaver, a novice DDFi of Makhleb (D:9)
  11 centaur warriors
  The ghost of Shoikan the Basher, a novice MiBe of Trog (Orc:1)
  13 anacondas
  4 merfolk aquamancers (Shoals:4)
  20 dancing weapons
  A satyr (shapeshifter) (Vaults:4)
  29 death scarabs
  4 titan zombies
  11 deep troll earth magi
  4 satyrs
  19 thrashing horrors
  6 death yaks
  18 tengu warriors
  11 deep troll shamans
  8 hell hogs
  10 spriggan berserkers
  28 deep elf knights
  11 vampire magi
  2 shock serpents
  Urug (Lair:2)
  2 orc high priests
  9 sun demons
  19 naga sharpshooters
  44 hell knights
  10 soul eaters
  2 storm dragon zombies
  8 shadow wraiths
  2 storm dragon skeletons
  10 wretched stars
  45 skeletal warriors
  A titan skeleton (Crypt:3)
  6 spatial maelstroms
  3 sixfirhies
  A salamander mystic (Snake:3)
  4 anaconda zombies
  6 iron trolls
  2 fire crabs (Zig:8)
  4 sea snakes
  4 unseen horrors
  2 orange crystal statues
  A wizard (Depths:2)
  35 starcursed masses
  5 flayed ghosts
  A quicksilver dragon simulacrum (Depths:4)
  A cherub (Zig:4)
  A shadow demon (Tar:1)
  A death drake (Tar:1)
  6 glowing orange brains
  24 deep trolls
  8 naga ritualists
  2 shadow dragon zombies
  15 hill giants
  A lindwurm (Lair:6)
  Pikel (D:7)
  26 necromancers
  2 tengu zombies
  7 phantasmal warriors
  26 deep elf archers
  3 fire giant zombies
  4 anaconda skeletons (Hell)
  16 ironbrand convokers
  7 shining eyes
  16 orc knights
  3 stone giant zombies
  13 harpies
  A mana viper (shapeshifter) (Elf:3)
  6 mana vipers
  10 manticores
  54 deep elf magi
  2 frost giant zombies
  55 ugly things
  A cyclops (shapeshifter) (Depths:5)
  6 cyclopes
  27 moths of wrath
  An orc sorcerer (Volcano)
  3 wolf spiders
  3 iron dragon zombies
  11 salamanders
  2 iron dragon skeletons (Crypt:3)
  A sphinx skeleton (Depths:2)
  Maurice (D:8)
  16 fauns
  19 elephants
  2 shock serpent zombies
  7 worldbinders
  15 sirens
  3 eyes of devastation
  13 vault sentinels
  The ghost of galech the Chopper, a novice DDFi of Makhleb (D:6)
  29 black mambas
  A stone giant skeleton (Tar:1)
  13 guardian serpents
  12 rust devils
  2 elephants (shapeshifter)
  4 molten gargoyles
  A frost giant skeleton (Hell)
  6 orange demons
  3 ice statues
  A dire elephant zombie (Abyss:2)
  19 naga magi
  4 water nymphs
  An apocalypse crab (Abyss:1)
  A guardian serpent (shapeshifter) (Depths:1)
  A titan simulacrum (Abyss:4)
  2 dire elephant skeletons
  2 storm dragon simulacra
  9 spiny frogs
  Psyche (D:8)
  A gargoyle (D:14)
  12 smoke demons
  2 spiny frogs (shapeshifter)
  6 torpor snails (Lair:6)
  A grey draconian zombie (Crypt:2)
  2 shock serpent skeletons
  A catoblepas zombie (Tar:1)
  A rime drake (shapeshifter) (Vaults:1)
  4 hellions
  A yaktaur zombie (Hell)
  53 yaktaurs
  3 rime drakes
  A black draconian zombie (Crypt:3)
  6 efreet
  2 demonic crawlers
  9 komodo dragons
  2 komodo dragons (shapeshifter)
  6 tengu conjurers
  8 tormentors
  13 ice devils
  A purple draconian skeleton (Crypt:2)
  19 freezing wraiths
  2 hellwings
  A minotaur zombie (Tar:1)
  A jumping spider (shapeshifter) (Vaults:4)
  13 red devils
  A human skeleton (Vaults:2)
  10 ancient zymes
  2 silent spectres
  A harpy zombie (Tar:1)
  A grey draconian skeleton (Crypt:3)
  2 meliai (shapeshifter)
  3 polar bears (Lair:4)
  35 merfolk
  A two-headed ogre (shapeshifter) (Depths:4)
  12 guardian mummies (Tomb:1)
  3 hydra zombies (Hell)
  10 trolls
  Prince Ribbit (D:7)
  A jumping spider (Vaults:4)
  4 tyrant leeches
  11 hornets
  An alligator zombie (Hell)
  24 two-headed ogres
  5 wind drakes
  25 raiju
  4 bog bodies
  2 deep troll zombies (Hell)
  12 hippogriffs
  5 dream sheep (Lair:5)
  19 blink frogs
  A death drake skeleton (Crypt:2)
  A hydra skeleton (Crypt:1)
  25 large abominations
  156 slime creatures
  2 fire dragon zombies
  An ice dragon zombie (Hell)
  13 snapping turtles
  2 black mamba zombies
  3 ettin zombies
  25 flying skulls
  13 shadows
  A centaur simulacrum (D:15)
  An ice dragon skeleton (Abyss:4)
  11 air elementals
  A redback (shapeshifter) (Abyss:4)
  5 vampires (Crypt:3)
  16 water elementals
  A black mamba skeleton (Crypt:3)
  2 spriggan zombies (Hell)
  4 redbacks (Vaults:4)
  11 wraiths
  2 ettin skeletons
  8 spriggans
  An ushabti (Tomb:1)
  A fire bat (shapeshifter) (Elf:2)
  4 wyverns
  A wind drake zombie (Crypt:2)
  33 yaks
  9 fire elementals
  A basilisk (D:15)
  3 ynoxinuls
  4 fire bats
  4 golden eyes
  16 humans
  Eustachio (D:4)
  Grum (D:8)
  11 neqoxecs
  A yellow draconian simulacrum (Hell)
  11 chaos spawn
  A hill giant skeleton (Crypt:1)
  2 human simulacra
  6 hungry ghosts
  5 wargs
  3 mottled dragons
  11 spatial vortices
  8 vampire mosquitoes (D:15)
  A mottled dragon (shapeshifter) (Vaults:3)
  The ghost of Frank the Cudgeler, an amateur GrGl (D:4)
  47 nagas
  37 small abominations
  An insubstantial wisp (Abyss:2)
  A spiny frog zombie (Crypt:1)
  Duvessa (D:6)
  A torturous demonspawn zombie (Crypt:2)
  A faun skeleton (Crypt:1)
  17 hell hounds
  A gelid demonspawn skeleton (Crypt:3)
  3 floating eyes
  A hell hound (shapeshifter) (Abyss:4)
  8 porcupines
  17 water moccasins
  9 necrophages
  4 slaves (D:4)
  8 sky beasts
  68 orc warriors
  6 eyes of draining
  A manticore zombie (Abyss:4)
  2 ettin simulacra
  A spiny frog skeleton (Hell)
  8 ice beasts
  2 hornet zombies
  51 ogres
  A snapping turtle skeleton (Crypt:1)
  A phantom (D:5)
  A snapping turtle zombie (Crypt:3)
  2 swamp dragon zombies
  An eye of draining (shapeshifter) (Vaults:1)
  3 black bears
  17 wolves
  9 crocodiles
  30 centaurs
  9 boggarts
  3 elf zombies
  15 bullfrogs
  9 big kobolds
  A komodo dragon zombie (Crypt:2)
  A komodo dragon skeleton (Crypt:1)
  4 earth elementals
  Dowan (D:6)
  6 scorpions
  A wyvern skeleton (D:14)
  11 killer bees
  2 howler monkeys (D:14)
  A spriggan skeleton (Crypt:3)
  15 wights
  A yak skeleton (Crypt:1)
  4 electric eels (Lair:2)
  5 lava snakes (Volcano)
  13 crimson imps
  2 centaur zombies
  A wolf skeleton (Crypt:2)
  8 hounds
  4 quasits
  30 orc wizards
  7 jellies
  4 centaur skeletons
  21 orc priests
  7 iron imps
  A bullfrog skeleton (D:6)
  6 iguanas
  13 worker ants
  5 hell rats (Lair:2)
  A killer bee zombie (D:7)
  A big kobold zombie (Ossuary)
  A demigod skeleton (Crypt:3)
  2 mottled dragon skeletons
  A tengu skeleton (Crypt:2)
  A hound zombie (D:6)
  20 mummies
  A hell rat zombie (Crypt:1)
  10 adders
  A howler monkey skeleton (D:4)
  A river rat (Sewer)
  7 shadow imps
  4 white imps
  An ooze (shapeshifter) (Abyss:4)
  2 adder zombies
  4 adder skeletons
  3 worms
  A dart slug (D:1)
  3 leopard geckos
  130 orcs
  7 ball pythons
  5 bats
  7 giant cockroaches
  5 goblins
  9 hobgoblins
  4 jackals (D:4)
  17 kobolds
  3 quokkas
  3 frilled lizards
  A frilled lizard skeleton (Crypt:3)
  A goblin zombie (Ossuary)
  11 hobgoblin zombies (Ossuary)
  3 jackal zombies (Ossuary)
  A kobold simulacrum (Abyss:2)
  9 kobold zombies (Ossuary)
  A leopard gecko skeleton (D:4)
  8 orc zombies (Ossuary)
  2 quokka skeletons (D:7)
  16 rats
  A rat zombie (Ossuary)
  4 crawling corpses
  A fungus (Lair:6)
  3 lurking horrors
  8 plants
  18 starspawn tentacles
3480 creatures vanquished.

Vanquished Creatures (others)
  A deep elf master archer (Elf:3)
  A tengu reaver (Vaults:5)
  A vault warden (Vaults:4)
  3 stone giants
  2 merfolk javelineers (Shoals:4)
  6 yaktaur captains
  A merfolk aquamancer (Shoals:4)
  10 death scarabs (Tomb:2)
  A tengu warrior (Depths:4)
  A thrashing horror (Abyss:4)
  A naga sharpshooter (Zig:7)
  A quicksilver dragon simulacrum (Depths:4)
  A deep elf archer (Elf:1)
  2 deep elf magi (Elf:1)
  A guardian serpent (Snake:4)
  10 yaktaurs
  A blink frog (Abyss:1)
  5 flying skulls (Tomb:2)
  A shadow (Tar:1)
  A fire elemental (Hell)
  An ettin simulacrum (Depths:4)
  A boggart (Depths:1)
  2 centaurs (Depths:2)
  A wight (Tar:1)
  A quasit (Abyss:2)
  An orc wizard (Orc:2)
  A mummy (Tomb:2)
  A crawling corpse (Elf:3)
  41 fungi
  23 plants
  26 starspawn tentacles
150 creatures vanquished.

Grand Total: 3630 creatures vanquished

Notes
Turn   | Place    | Note
-------+----------+-------------------------------------------
     0 | D:1      | galech the Deep Dwarf Fighter began the quest for the Orb.
     0 | D:1      | Reached XP level 1. HP: 20/20 MP: 1/1
   228 | D:1      | Reached XP level 2. HP: 22/27 MP: 2/2
   480 | D:1      | Reached XP level 3. HP: 13/34 MP: 3/3
   819 | D:2      | Found a sacrificial altar of Ru.
   824 | D:2      | Reached skill level 4 in Shields
   824 | D:2      | Reached XP level 4. HP: 41/42 MP: 4/4
  1213 | D:3      | Reached XP level 5. HP: 43/49 MP: 5/5
  1335 | D:3      | Found a faded altar of an unknown god.
  1482 | D:3      | Noticed an ogre
  1494 | D:3      | Killed an ogre
  1946 | D:4      | Noticed an ogre
  1964 | D:4      | Killed an ogre
  1964 | D:4      | Reached XP level 6. HP: 28/56 MP: 5/5
  1974 | D:4      | Reached skill level 5 in Axes
  2044 | D:4      | Reached skill level 1 in Evocations
  2082 | D:4      | Noticed Frank's ghost (amateur GrGl)
  2096 | D:4      | Killed Frank's ghost
  2096 | D:4      | Reached XP level 7. HP: 43/63 MP: 5/7
  2153 | D:4      | Noticed Eustachio
  2185 | D:4      | Reached skill level 5 in Shields
  2193 | D:4      | Killed Eustachio
  2193 | D:4      | Reached skill level 5 in Armour
  2332 | D:4      | Gained mutation: You possess an exceptional clarity of mind. [mutagenic meat]
  2546 | D:4      | Noticed Pikel
  2755 | D:4      | Reached XP level 8. HP: 47/72 MP: 6/6
  3053 | D:5      | Entered Level 5 of the Dungeon
  3175 | D:5      | Found a sand-covered staircase.
  3184 | Ossuary  | Entered an ossuary
  3678 | D:5      | Found a sparkling altar of Nemelex Xobeh.
  3679 | D:5      | Found an opulent altar of Gozag.
  3868 | D:5      | Found an iron altar of Okawaru.
  3870 | D:5      | Found a white marble altar of Elyvilon.
  3870 | D:5      | Found a stormy altar of Qazlal.
  3870 | D:5      | Found a snail-covered altar of Cheibriados.
  3870 | D:5      | Found a shimmering altar of Xom.
  3871 | D:5      | Found a hazy altar of Hepliaklqana.
  3894 | D:5      | Reached skill level 1 in Stealth
  3894 | D:5      | Reached skill level 6 in Shields
  4218 | D:6      | Found a glowing drain.
  4222 | Sewer    | Entered a sewer
  4252 | Sewer    | Reached skill level 5 in Fighting
  4452 | Sewer    | Gained mutation: You passively map the area around you. [Deep Dwarf growth]
  4452 | Sewer    | Reached XP level 9. HP: 59/81 MP: 5/5
  4485 | Sewer    | Reached skill level 1 in Dodging
  4864 | D:6      | Noticed galech's ghost (novice DDFi)
  4929 | D:7      | Noticed Prince Ribbit
  4972 | D:6      | Reached skill level 10 in Axes
  4987 | D:6      | Reached skill level 7 in Shields
  5091 | D:7      | Found Kucluama's Magic Scroll Shop.
  5099 | D:7      | Bought a scroll of enchant weapon for 90 gold pieces
  5099 | D:7      | Bought a scroll of identify for 24 gold pieces
  5099 | D:7      | Bought a scroll of identify for 24 gold pieces
  5099 | D:7      | Bought 3 scrolls of identify for 72 gold pieces
  5099 | D:7      | Bought a scroll of enchant armour for 90 gold pieces
  5099 | D:7      | Bought a scroll of identify for 24 gold pieces
  5099 | D:7      | Bought a scroll of identify for 24 gold pieces
  5390 | D:7      | Killed Pikel
  5469 | D:6      | Found a staircase to the Ecumenical Temple.
  5480 | Temple   | Entered the Ecumenical Temple
  5512 | Temple   | Became a worshipper of Makhleb the Destroyer
  5627 | D:6      | Noticed Dowan
  5629 | D:6      | Noticed Duvessa
  5638 | D:6      | Killed Duvessa
  5641 | D:6      | Killed Dowan
  5703 | D:6      | Killed galech's ghost
  5703 | D:6      | Reached XP level 10. HP: 42/91 MP: 6/6
  6755 | D:8      | Noticed Psyche
  6773 | D:8      | Killed Psyche
  6773 | D:8      | Reached * piety under Makhleb
  6773 | D:8      | Reached skill level 8 in Shields
  6851 | D:8      | Noticed Maurice
  6852 | D:8      | Noticed Grum
  7071 | D:8      | Killed Grum
  7401 | D:8      | Found Sent's Food Boutique.
  7406 | D:8      | Got a slimy trident
  7459 | D:7      | Reached ** piety under Makhleb
  7494 | D:7      | Noticed a skeletal warrior
  7513 | D:7      | Paralysed by a hornet for 1 turns
  7524 | D:7      | Paralysed by a hornet for 2 turns
  7574 | D:7      | Killed a skeletal warrior
  7574 | D:7      | Reached skill level 9 in Shields
  7576 | D:7      | Killed Prince Ribbit
  7615 | D:7      | Noticed a hill giant
  7632 | D:7      | Killed a hill giant
  7632 | D:7      | Reached XP level 11. HP: 66/99 MP: 4/4
  7900 | D:8      | Killed Maurice
  7933 | D:9      | Identified the +10 trident of Disharmony {pierce, rElec rPois} (You found it on level 8 of the Dungeon)
  8139 | D:9      | Reached *** piety under Makhleb
  8206 | D:9      | Gained mutation: You are occasionally teleported next to monsters. [mutagenic meat]
  8207 | D:9      | Gained mutation: Your body sometimes deteriorates upon taking damage. [mutagenic meat]
  8209 | D:9      | Lost mutation: Your body sometimes deteriorates upon taking damage. [mutagenic meat]
  8210 | D:9      | Gained mutation: You have a pair of small horns on your head. [mutagenic meat]
  8211 | D:9      | Gained mutation: You have a pair of horns on your head. [mutagenic meat]
  8294 | D:9      | Reached skill level 1 in Polearms
  8487 | D:9      | Noticed galech's ghost (novice DDFi)
  8499 | D:9      | Killed galech's ghost
  8708 | D:10     | Entered Level 10 of the Dungeon
  9183 | D:10     | Reached **** piety under Makhleb
  9236 | D:10     | Gained mutation: Your spells are a little easier to cast, but a little less powerful. [mutagenic meat]
  9237 | D:10     | Gained mutation: You have supernaturally acute eyesight. (SInv) [mutagenic meat]
  9238 | D:10     | Gained mutation: Armour fits poorly on your strangely shaped body. [mutagenic meat]
  9239 | D:10     | Lost mutation: Armour fits poorly on your strangely shaped body. [mutagenic meat]
  9240 | D:10     | Gained mutation: You are weak. (Str -2) [mutagenic meat]
  9241 | D:10     | Gained mutation: You are surrounded by a mild repulsion field. (EV +2) [mutagenic meat]
  9295 | D:10     | Found a staircase to the Orcish Mines.
  9369 | D:11     | Noticed a hill giant
  9375 | D:11     | Killed a hill giant
  9443 | D:11     | Reached skill level 10 in Shields
  9494 | D:11     | Got a bloodstained cloak
  9505 | D:11     | Identified the +2 cloak of Eternal Night {Int+2 Dex+3} (You found it on level 11 of the Dungeon)
  9511 | D:11     | Found a staircase to the Lair.
  9705 | D:11     | Noticed a six-headed hydra
  9714 | D:11     | Killed a six-headed hydra
  9714 | D:11     | Reached skill level 5 in Polearms
  9741 | D:11     | You are sucked into a shaft!
  9770 | D:12     | Noticed a cyan ugly thing
  9781 | D:12     | Killed a cyan ugly thing
 10013 | D:12     | Noticed a hill giant
 10017 | D:12     | Reached ***** piety under Makhleb
 10025 | D:12     | Killed a hill giant
 10025 | D:12     | Reached XP level 12. HP: 93/109 MP: 5/5
 10197 | D:12     | Noticed tricornhat's ghost (journeyman DsBe)
 10212 | D:12     | Killed tricornhat's ghost
 11431 | Lair:1   | Entered Level 1 of the Lair of Beasts
 12521 | Lair:2   | Noticed Urug
 12535 | Lair:2   | Killed Urug
 12680 | Lair:2   | Found a staircase to the Snake Pit.
 12731 | Lair:2   | Found a staircase to the Shoals.
 13544 | Lair:3   | Reached skill level 11 in Shields
 14267 | Lair:4   | Reached XP level 13. HP: 116/116 MP: 6/6
 14405 | Lair:4   | Noticed a dire elephant
 14408 | Lair:4   | Reached ****** piety under Makhleb
 14427 | Lair:4   | Reached skill level 10 in Polearms
 14427 | Lair:4   | Reached skill level 10 in Armour
 14463 | Lair:4   | Noticed Rupert
 14463 | Lair:4   | Paralysed by Rupert for 4 turns
 14475 | Lair:4   | Killed Rupert
 14891 | Lair:4   | Reached skill level 12 in Shields
 14904 | Lair:4   | Killed a dire elephant
 15124 | Lair:5   | Found a dark tunnel.
 15152 | Volcano  | Entered a volcano
 15376 | Volcano  | Found a bloodstained altar of Trog.
 15403 | Volcano  | Gained mutation: Armour fits poorly on your strangely shaped body. [mutagenic meat]
 15404 | Volcano  | Gained mutation: You are very weak. (Str -4) [mutagenic meat]
 15684 | Lair:5   | Found a shattered altar of Ashenzari.
 16185 | Lair:5   | Gained mutation: You resist negative energy. (rN+) [Deep Dwarf growth]
 16185 | Lair:5   | Reached XP level 14. HP: 128/128 MP: 7/7
 16213 | Lair:5   | You fall through a shaft!
 16213 | Lair:6   | Entered Level 6 of the Lair of Beasts
 16223 | Lair:6   | Found a staircase to the Slime Pits.
 16266 | Lair:6   | Found a frozen archway.
 16273 | IceCv    | Entered an ice cave
 16273 | IceCv    | Noticed Vasilisck's ghost (adept MiFi)
 16332 | IceCv    | Killed Vasilisck's ghost
 17023 | Lair:6   | Reached skill level 13 in Shields
 17043 | Lair:6   | Gained mutation: You are clumsy. (Dex -2) [potion of mutation]
 17044 | Lair:6   | Lost mutation: You have a pair of horns on your head. [potion of mutation]
 17045 | Lair:6   | Gained mutation: You have a pair of horns on your head. [potion of mutation]
 17045 | Lair:6   | Gained mutation: You have large cloven feet. [potion of mutation]
 17046 | Lair:6   | Lost mutation: Armour fits poorly on your strangely shaped body. [potion of mutation]
 17047 | Lair:6   | Lost mutation: You are clumsy. (Dex -2) [potion of mutation]
 17047 | Lair:6   | Gained mutation: You are somewhat resistant to further mutation. [potion of mutation]
 17330 | Lair:6   | Paralysed by a hornet for 2 turns
 17371 | Lair:6   | Found a runed door.
 18101 | Orc:1    | Entered Level 1 of the Orcish Mines
 18101 | Orc:1    | Noticed Shoikan's ghost (novice MiBe)
 18120 | Orc:1    | Killed Shoikan's ghost
 18435 | Orc:2    | Entered Level 2 of the Orcish Mines
 18443 | Orc:2    | Noticed Nessos
 18531 | Orc:2    | Killed Nessos
 18592 | Orc:2    | Found a burning altar of Makhleb.
 18607 | Orc:2    | Noticed Erolcha
 18618 | Orc:2    | Cast into level 2 of the Abyss (Erolcha)
 18761 | Abyss:2  | Reached skill level 10 in Fighting
 18808 | Abyss:2  | Reached XP level 15. HP: 136/138 MP: 6/6
 18826 | Abyss:2  | Noticed a tentacled starspawn
 18844 | Abyss:2  | Killed a tentacled starspawn
 18868 | Abyss:2  | Got a pair of translucent gloves
 18879 | Abyss:2  | Identified the cursed -5 pair of gloves of Incorporation {rPois} (You found it on level 2 of the Abyss)
 18922 | Abyss:2  | Reached skill level 14 in Shields
 18957 | Abyss:2  | Noticed a bone dragon
 18996 | Abyss:2  | Killed a bone dragon
 19002 | Abyss:2  | Noticed a tentacled starspawn
 19013 | Abyss:2  | Killed a tentacled starspawn
 19015 | Abyss:2  | Got a warped scale mail
 19018 | Orc:2    | Escaped the Abyss
 19044 | Orc:2    | Killed Erolcha
 19097 | Orc:2    | Identified the +2 scale mail "Nyoprah" {rElec Int+3 Dex+4} (You found it on level 2 of the Abyss)
 19165 | Orc:2    | Found Kiluoqarch's Book Shoppe.
 19186 | Orc:2    | Found Fane's Magic Scroll Shop.
 19186 | Orc:2    | Found Xonir's Assorted Antiques.
 19205 | Orc:2    | Found Nebiwnam's Gadget Boutique.
 19555 | Orc:2    | Found a staircase to the Elven Halls.
 19588 | Orc:2    | Found Kiesk's Jewellery Shoppe.
 19824 | Orc:2    | Bought a scroll of identify for 26 gold pieces
 19824 | Orc:2    | Bought a scroll of identify for 26 gold pieces
 19824 | Orc:2    | Bought a scroll of enchant weapon for 97 gold pieces
 19824 | Orc:2    | Bought a scroll of identify for 26 gold pieces
 19824 | Orc:2    | Bought a scroll of enchant weapon for 97 gold pieces
 19824 | Orc:2    | Bought a scroll of enchant weapon for 97 gold pieces
 19824 | Orc:2    | Bought a scroll of identify for 26 gold pieces
 19824 | Orc:2    | Bought a scroll of enchant armour for 97 gold pieces
 20189 | D:13     | Found a gate to the Vaults.
 20708 | D:13     | Found a hazy altar of Hepliaklqana.
 22183 | D:15     | Entered Level 15 of the Dungeon
 22291 | D:15     | Got a smoking mace
 22372 | D:15     | Identified the +0 mace of the Pill Bug {crush, Dex+7} (You found it on level 15 of the Dungeon)
 22448 | D:15     | Found a shadowy altar of Dithmenos.
 22686 | D:15     | Found a staircase to the Depths.
 22988 | Depths:1 | Entered Level 1 of the Depths
 23068 | Depths:1 | Reached XP level 16. HP: 150/150 MP: 7/7
 23082 | Depths:1 | Found a gateway to Hell.
 23088 | Depths:1 | Reached skill level 15 in Shields
 23102 | Hell     | Entered the Vestibule of Hell
 23102 | Hell     | Noticed Geryon
 23357 | Depths:1 | Found Xukke's Book Emporium.
 23357 | Depths:1 | Found Vuuleg's Antique Armour Shoppe.
 23361 | Depths:1 | Found Kappynualu's Antique Weapon Emporium.
 23369 | Depths:1 | Bought a broad axe for 164 gold pieces
 23584 | Depths:1 | Gained mutation: You are partially covered in large bone plates. (SH +4) [mutagenic meat]
 23643 | Depths:1 | Found a one-way gate to the infinite horrors of the Abyss.
 23822 | Depths:1 | Found a one-way gate leading to the halls of Pandemonium.
 24069 | Shoals:1 | Entered Level 1 of the Shoals
 24354 | Shoals:1 | Noticed Scuka's ghost (adept MiBe)
 24437 | Shoals:1 | Killed Scuka's ghost
 25134 | Shoals:2 | Reached skill level 16 in Shields
 25965 | Shoals:3 | Noticed Scuka's ghost (adept MiBe)
 26070 | Shoals:3 | Killed Scuka's ghost
 26216 | Shoals:3 | Noticed Donald
 26234 | Shoals:3 | Killed Donald
 26484 | Shoals:3 | Reached XP level 17. HP: 159/159 MP: 8/8
 26913 | Shoals:4 | Entered Level 4 of the Shoals
 26924 | Shoals:4 | Reached skill level 15 in Polearms
 26984 | Shoals:4 | Noticed Polyphemus
 26984 | Shoals:4 | Noticed Jorgrun
 27021 | Shoals:3 | Killed Polyphemus
 27033 | Shoals:3 | Killed Jorgrun
 27121 | Shoals:4 | Noticed Ilsuiw
 27166 | Shoals:4 | Killed Ilsuiw
 27172 | Shoals:4 | Reached skill level 17 in Shields
 28345 | Shoals:4 | Got a barnacled rune of Zot
 28451 | Snake:1  | Entered Level 1 of the Snake Pit
 29062 | Snake:1  | Gained mutation: You passively map a large area around you. [Deep Dwarf growth]
 29062 | Snake:1  | Reached XP level 18. HP: 170/171 MP: 9/9
 29320 | Snake:2  | Noticed Aizul
 29341 | Snake:2  | Killed Aizul
 29545 | Snake:2  | Reached skill level 18 in Shields
 29803 | Snake:2  | Noticed Vashnia
 29844 | Snake:2  | Killed Vashnia
 30194 | Snake:3  | Got an ancient scale mail
 30205 | Snake:3  | Identified the +5 scale mail of Eduanot {MR+ Regen+ SInv} (You found it on level 3 of the Snake Pit)
 30700 | Snake:4  | Entered Level 4 of the Snake Pit
 30882 | Snake:4  | Got a scintillating golden amulet
 30894 | Snake:4  | Identified the amulet "Epseukh" {+Rage rF+ rC++ Int-5} (You found it on level 4 of the Snake Pit)
 31705 | Snake:4  | Reached skill level 15 in Armour
 31735 | Snake:4  | Reached skill level 19 in Shields
 31735 | Snake:4  | Reached skill level 5 in Evocations
 31805 | Snake:4  | Reached XP level 19. HP: 182/182 MP: 10/10
 31837 | Snake:4  | Got a serpentine rune of Zot
 32147 | Vaults:1 | Entered Level 1 of the Vaults
 32287 | Vaults:1 | Found Fedam's Magic Scroll Boutique.
 32291 | Vaults:1 | Bought a scroll of enchant weapon for 97 gold pieces
 32291 | Vaults:1 | Bought a scroll of enchant weapon for 97 gold pieces
 32291 | Vaults:1 | Bought a scroll of enchant weapon for 97 gold pieces
 32291 | Vaults:1 | Bought a scroll of magic mapping for 45 gold pieces
 32291 | Vaults:1 | Bought a scroll of recharging for 123 gold pieces
 32291 | Vaults:1 | Bought a scroll of blinking for 97 gold pieces
 33323 | Vaults:1 | Got a transparent halberd
 33425 | Vaults:1 | Identified the +4 halberd "Gumae" {chop, rC+ Int+2} (You found it on level 1 of the Vaults)
 33536 | Vaults:1 | Reached skill level 20 in Shields
 33709 | Vaults:2 | Reached skill level 15 in Fighting
 34069 | Vaults:2 | Reached XP level 20. HP: 194/194 MP: 11/11
 34827 | Vaults:3 | Found Cusaurph's Gadget Shop.
 34828 | Vaults:3 | Reached skill level 5 in Dodging
 34828 | Vaults:3 | Reached XP level 21. HP: 202/202 MP: 12/12
 35504 | Vaults:3 | Noticed Asterion
 35513 | Vaults:3 | Killed Asterion
 35550 | Vaults:3 | Found a staircase to the Crypt.
 35822 | Vaults:3 | Reached skill level 21 in Shields
 36979 | Vaults:4 | Reached XP level 22. HP: 213/213 MP: 14/14
 37102 | Vaults:4 | Identified a scroll of acquirement
 37667 | Vaults:5 | Entered Level 5 of the Vaults
 37944 | Vaults:5 | Reached skill level 22 in Shields
 37970 | Vaults:5 | Identified the Guide on Creative Snow
 37985 | Vaults:5 | Noticed an ancient lich
 37988 | Vaults:5 | Noticed a golden dragon
 38006 | Vaults:5 | Killed an ancient lich
 38029 | Vaults:5 | Killed a golden dragon
 38038 | Vaults:5 | Noticed an ancient lich
 38190 | Vaults:5 | Noticed a golden dragon
 38252 | Vaults:4 | Killed an ancient lich
 38351 | Vaults:4 | Killed a golden dragon
 38377 | Vaults:5 | Noticed an ancient lich
 38447 | Vaults:4 | Reached XP level 23. HP: 146/224 MP: 14/14
 38466 | Vaults:4 | Killed an ancient lich
 38466 | Vaults:4 | Reached skill level 23 in Shields
 38686 | Vaults:5 | Got a silver rune of Zot
 38720 | Vaults:5 | Got a transparent leather armour
 38731 | Vaults:5 | Identified the +1 leather armour of Ceit {Slay+2} (You found it on level 5 of the Vaults)
 38885 | Vaults:5 | Got a ring of the Octopus King
 38948 | Vaults:5 | Got an ancient scale mail
 38959 | Vaults:5 | Identified the +1 scale mail "Yhumes" {rF+ rC+ Str+2 Dex+3} (You found it on level 5 of the Vaults)
 39127 | Vaults:5 | Identified a ring of the Octopus King {rC+ AC+1 EV+1 Str+1 Int+1 Dex+1} (You took it off a frost giant on level 5 of the Vaults)
 39553 | Vaults:5 | Got a warped scale mail
 39564 | Vaults:5 | Identified the +6 scale mail of Fortification {+Blink Slay+6} (You found it on level 5 of the Vaults)
 39913 | Elf:1    | Entered Level 1 of the Elven Halls
 39962 | Elf:1    | Got a smoking halberd
 39979 | Elf:1    | Identified the +7 halberd "Fulaejuu" {freeze, Str+4 Int+3 SInv} (You found it on level 1 of the Elven Halls)
 40662 | Elf:2    | Cast into level 2 of the Abyss (double sword of distortion)
 40875 | Elf:2    | Escaped the Abyss
 40918 | Elf:2    | Found a huge runed gate.
 40918 | Elf:2    | Found a huge runed gate.
 40918 | Elf:2    | Found a huge runed gate.
 40919 | Elf:2    | Found a huge runed gate.
 40920 | Elf:2    | Found a huge runed gate.
 41173 | Elf:2    | Found Intab's Book Shop.
 41923 | Elf:3    | Entered Level 3 of the Elven Halls
 42039 | Elf:3    | Found Inneamuc's Assorted Antiques.
 42325 | Elf:3    | Bought a scroll of identify for 40 gold pieces
 42325 | Elf:3    | Bought a scroll of enchant armour for 150 gold pieces
 42325 | Elf:3    | Bought a scroll of identify for 40 gold pieces
 42433 | Elf:3    | Reached skill level 24 in Shields
 42444 | Elf:3    | Reached XP level 24. HP: 171/236 MP: 11/11
 42565 | Elf:3    | Identified Sorcery for Novices
 42612 | Elf:3    | Got a shimmering battleaxe
 42614 | Elf:3    | Identified the +8 battleaxe "Olouro Henez" {chop, rElec Int+3} (You found it on level 3 of the Elven Halls)
 42616 | Elf:3    | Got a scintillating tin ring
 42626 | Elf:3    | Identified the ring "Ynaeseduwn" {MR+ Int+4 SInv Stlth-} (You took it off a deep elf blademaster on level 3 of the Elven Halls)
 42765 | Elf:3    | Got a scorched copper ring
 42872 | Elf:3    | Got a polished shield
 42883 | Elf:3    | Identified the cursed -1 shield of Shadows and Fog {+Fly rPois rCorr Str+3} (You took it off a deep elf annihilator on level 3 of the Elven Halls)
 42929 | Elf:3    | Identified the ring "Poifuqeizat" {rF+ EV+1} (You took it off a deep elf death mage on level 3 of the Elven Halls)
 42970 | Elf:3    | Identified Obuntoikk's Incunabulum of Evil and the Rocks
 43516 | Slime:1  | Entered Level 1 of the Pits of Slime
 43907 | Slime:2  | Gained mutation: You are frail. (-10% HP) [a shining eye]
 44759 | Slime:4  | Noticed Dissolution
 44768 | Slime:4  | Killed Dissolution
 45126 | Slime:5  | Entered Level 5 of the Pits of Slime
 45362 | Slime:5  | Gained mutation: You are very frail. (-20% HP) [a shining eye]
 45737 | Slime:5  | Reached skill level 25 in Shields
 45748 | Slime:5  | Found a viscous altar of Jiyva.
 45752 | Slime:5  | Reached XP level 25. HP: 200/200 MP: 6/10
 45882 | Slime:5  | Noticed the Royal Jelly
 45897 | Slime:5  | Killed the Royal Jelly
 46035 | Slime:5  | Got a warped silver ring
 46051 | Slime:5  | Identified the ring of the Wild Haggis {*Contam rPois rC- SInv Stlth+} (You found it on level 5 of the Pits of Slime)
 46112 | Slime:5  | Got an encrusted halberd
 46118 | Slime:5  | Identified the +2 halberd "Xof Huacino" {holy, rElec Int+8 Dex-5 SInv} (You found it on level 5 of the Pits of Slime)
 46131 | Slime:5  | Got a slimy rune of Zot
 46163 | Slime:5  | Got a fine iron ring
 46180 | Slime:5  | Identified the ring of the Bouncing Planets {rCorr Int+4 Slay+2} (You found it on level 5 of the Pits of Slime)
 46232 | Slime:5  | Lost mutation: You are very frail. (-20% HP) [potion of cure mutation]
 46232 | Slime:5  | Lost mutation: You are very weak. (Str -4) [potion of cure mutation]
 46232 | Slime:5  | Lost mutation: You are frail. (-10% HP) [potion of cure mutation]
 46232 | Slime:5  | Lost mutation: You have a pair of horns on your head. [potion of cure mutation]
 46232 | Slime:5  | Lost mutation: You have large cloven feet. [potion of cure mutation]
 46616 | Crypt:1  | Entered Level 1 of the Crypt
 48243 | Crypt:2  | Noticed Bai Suzhen
 48277 | Crypt:2  | Killed Bai Suzhen
 49406 | Depths:2 | Noticed the Enchantress
 49455 | Depths:2 | Reached skill level 26 in Shields
 49492 | Depths:2 | Killed the Enchantress
 49517 | Depths:2 | Got faerie dragon scales
 49536 | Depths:2 | Identified the +3 faerie dragon scales {rPois Str-3 Int+4} (You took it off the Enchantress on level 2 of the Depths)
 50114 | Depths:3 | Noticed Sojobo
 50128 | Depths:3 | Killed Sojobo
 50270 | Depths:3 | Got a polished chain mail
 50281 | Depths:3 | Identified the +8 chain mail "Mubbode" {Str+2} (You found it on level 3 of the Depths)
 50322 | Depths:4 | Reached XP level 26. HP: 263/263 MP: 5/5
 50447 | Depths:4 | Found a glowing silver altar of Zin.
 50450 | Depths:4 | Found a gateway to a ziggurat.
 50529 | Depths:4 | Found a glowing golden altar of the Shining One.
 50614 | Depths:4 | Found a sparkling altar of Nemelex Xobeh.
 50712 | Depths:4 | Identified the +1 chain mail of the Foremost Dances {MR+ Int+3} (You found it on level 4 of the Depths)
 50968 | Depths:4 | Got a brightly glowing large shield
 50979 | Depths:4 | Identified the +1 large shield of the Stars {rF+ SInv} (You took it off a tengu conjurer on level 4 of the Depths)
 51117 | Depths:4 | Reached skill level 27 in Shields
 51332 | Depths:4 | Found an ancient bone altar of Kikubaaqudgha.
 52030 | Depths:5 | Entered Level 5 of the Depths
 52072 | Depths:5 | Noticed Louise
 52090 | Depths:5 | Killed Louise
 52101 | Depths:5 | Got a translucent large shield
 52112 | Depths:5 | Identified the cursed +0 large shield "Jeseq Ukku" {Int+4} (You took it off Louise on level 5 of the Depths)
 52465 | Depths:5 | Noticed a juggernaut
 52479 | Depths:5 | Killed a juggernaut
 52479 | Depths:5 | Reached XP level 27. HP: 276/276 MP: 5/5
 52705 | Depths:5 | Found a gate to the Realm of Zot.
 53113 | Hell     | Found a gateway to the freezing wastes of Cocytus.
 53148 | Hell     | Found a gateway to the ashen valley of Gehenna.
 53532 | Hell     | Killed Geryon
 53572 | Hell     | Found a gateway to the decaying netherworld of Tartarus.
 53572 | Hell     | Noticed an ancient lich
 53585 | Hell     | Killed an ancient lich
 53804 | Hell     | Found a gateway to the Iron City of Dis.
 53960 | Tar:1    | Entered Level 1 of Tartarus
 54908 | Zot:1    | Entered Level 1 of the Realm of Zot
 55684 | Zot:1    | Noticed an ancient lich
 55692 | Zot:1    | Killed an ancient lich
 55741 | Zot:1    | Reached skill level 10 in Evocations
 55752 | Zot:1    | Lost mutation: You have a pair of small horns on your head. [potion of cure mutation]
 55752 | Zot:1    | Lost mutation: You possess an exceptional clarity of mind. [potion of cure mutation]
 57436 | Zot:3    | Noticed an ancient lich
 57449 | Zot:3    | Killed an ancient lich
 57603 | Zot:3    | Got a pair of dazzling boots
 57614 | Zot:3    | Identified the +2 pair of boots of Raohuemy {-Cast MR+ Regen+ rCorr Int+2} (You found it on level 3 of the Realm of Zot)
 58133 | Zot:3    | Got a crude plate armour
 58152 | Zot:3    | Identified the cursed +0 plate armour of Tyanwoba {+Inv rF+ rC+ Regen+} (You found it on level 3 of the Realm of Zot)
 58272 | Zot:4    | Noticed an orb of fire
 58325 | Zot:3    | Killed an orb of fire
 58349 | Zot:4    | Reached skill level 15 in Evocations
 59995 | Crypt:3  | Entered Level 3 of the Crypt
 60684 | Crypt:3  | Noticed a greater mummy
 60699 | Crypt:3  | Killed a greater mummy
 60729 | Crypt:3  | Found a basalt altar of Yredelemnul.
 60743 | Crypt:3  | Found an ancient bone altar of Kikubaaqudgha.
 61072 | Crypt:3  | Found a staircase to the Tomb.
 61138 | Tomb:1   | Entered Level 1 of the Tomb of the Ancients
 61583 | Tomb:1   | Noticed a greater mummy
 61583 | Tomb:1   | Noticed a greater mummy
 61813 | Tomb:1   | Noticed a greater mummy
 61825 | Tomb:1   | Killed a greater mummy
 61876 | Tomb:1   | Noticed a greater mummy
 61901 | Tomb:1   | Killed a greater mummy
 62150 | Tomb:2   | Noticed a greater mummy
 62152 | Tomb:2   | Noticed an ancient lich
 62152 | Tomb:2   | Noticed a greater mummy
 62152 | Tomb:2   | Noticed a greater mummy
 62704 | Depths:1 | Voluntarily entered the Abyss.
 62829 | Abyss:1  | Found a stormy altar of Qazlal.
 62868 | Abyss:1  | Found a corrupted altar of Lugonu.
 63045 | Abyss:1  | Gained mutation: You are very weak. (Str -4) [a neqoxec]
 63691 | Abyss:2  | Got a tattered robe
 63692 | Abyss:2  | Identified the +1 robe of the Ward {MR+ Dex+4} (You found it on level 2 of the Abyss)
 64934 | Abyss:4  | Gained mutation: You are frail. (-10% HP) [a neqoxec]
 65725 | Abyss:4  | Found a corrupted altar of Lugonu.
 65874 | Abyss:5  | Entered Level 5 of the Abyss
 65938 | Abyss:5  | Got an abyssal rune of Zot
 66020 | Depths:1 | Escaped the Abyss
 67630 | Zig:1    | Entered Level 1 of a ziggurat
 67672 | Zig:2    | Entered Level 2 of a ziggurat
 67673 | Zig:2    | Noticed Noimi the pandemonium lord
 67685 | Zig:2    | Killed Noimi the pandemonium lord
 67702 | Zig:3    | Entered Level 3 of a ziggurat
 67763 | Zig:4    | Entered Level 4 of a ziggurat
 67823 | Zig:4    | Identified Ecigiu's Guide on Freezing Venom
 67870 | Zig:5    | Entered Level 5 of a ziggurat
 67934 | Zig:5    | Identified the +2 leather armour of Amelioration {rPois rF- Str+6 Int+4} (You found it on level 5 of a ziggurat)
 67940 | Zig:6    | Entered Level 6 of a ziggurat
 67944 | Zig:6    | Noticed a juggernaut
 67990 | Zig:6    | Killed a juggernaut
 68052 | Zig:7    | Entered Level 7 of a ziggurat
 68135 | Zig:7    | Identified the +2 shield of Ihayc {+Blink rC- rN+ Int+2} (You found it on level 7 of a ziggurat)
 68139 | Zig:7    | Identified the amulet of Pessimism {Reflect +Fly rF- Str+2 Int+4 SH+3} (You found it on level 7 of a ziggurat)
 68145 | Zig:8    | Entered Level 8 of a ziggurat
 68153 | Zig:8    | Noticed an orb of fire
 68154 | Zig:8    | Gained mutation: Your magical capacity is low. (-10% MP) [an orb of fire]
 68167 | Zig:8    | Gained mutation: You are clumsy. (Dex -2) [an orb of fire]
 68168 | Zig:8    | Lost mutation: You have supernaturally acute eyesight. (SInv) [an orb of fire]
 68172 | Zig:8    | Killed an orb of fire
 68174 | Zig:8    | Noticed an orb of fire
 68198 | Zig:8    | Killed an orb of fire
 68293 | Zig:9    | Entered Level 9 of a ziggurat
 68403 | Zig:9    | Identified the Catalogue of Enhancements
 68428 | Zig:10   | Entered Level 10 of a ziggurat
 68435 | Zig:10   | Noticed a greater mummy
 68438 | Zig:10   | Noticed a greater mummy
 68507 | Zig:10   | HP: 4/265 [phantasmal warrior[a mummy priest] (14)]
 68508 | Zig:10   | Killed from afar by a greater mummy

Skill      XL: |  1  2  3  4  5  6  7  8  9 10 11 12 13 14 15 16 17 18 19 20 21 22 23 24 25 26 27 |
---------------+----------------------------------------------------------------------------------+-----
Fighting       | 3 4 5 6 7 8 9 10 11 12 13 14 15 16 17 19 20 21 26 | 26.4
Axes           | 3 4 5 6 9 10 12 | 12.4
Shields        | 4 5 6 7 9 10 11 12 13 14 16 17 19 20 21 22 24 25 26 27 | 27.0
Armour         | 4 5 6 7 8 9 10 11 12 13 14 15 16 17 18 25 | 25.2
Evocations     | 1 2 3 4 5 6 7 22 | 22.6
Stealth        | 1 2 3 |  3.4
Dodging        | 1 2 3 4 5 6 |  6.1
Polearms       | 6 9 11 13 14 15 16 17 18 19 20 21 22 | 22.7

Action                   |  1- 3 |  4- 6 |  7- 9 | 10-12 | 13-15 | 16-18 | 19-21 | 22-24 | 25-27 || total
-------------------------+-------+-------+-------+-------+-------+-------+-------+-------+-------++-------
Melee: War axe           |   110 |   129 |   712 |   413 |       |       |       |       |       ||  1364
       Trident           |       |       |       |   638 |  1808 |  1251 |       |       |       ||  3697
       Headbutt          |       |       |       |   135 |   415 |   286 |   369 |   610 |  1018 ||  2833
       Demon trident     |       |       |       |       |       |  1057 |  1628 |  2391 |  7569 || 12645
 Abil: Device Recharging |       |     1 |     4 |     4 |     2 |     1 |       |     5 |    15 ||    32
       Evoke Berserk Rag |       |       |       |       |       |     1 |     1 |     2 |       ||     4
Evoke: Wand              |     1 |     7 |    11 |    18 |     6 |    23 |     6 |    26 |    92 ||   190
       Horn of Geryon    |       |       |       |       |       |       |       |       |     1 ||     1
  Use: Potion            |       |     1 |     1 |       |     8 |     5 |     1 |     2 |    28 ||    46
       Scroll            |       |       |    20 |     6 |    11 |    16 |     6 |    15 |    54 ||   128
 Stab: Paralysed         |     1 |       |       |       |       |       |       |       |       ||     1
       Distracted        |       |       |       |       |       |       |     1 |     1 |     1 ||     3
       Petrifying        |       |       |       |       |       |       |       |       |     3 ||     3
       Confused          |       |       |       |       |       |       |       |       |     1 ||     1
  Eat: Chunk             |       |     4 |    15 |    40 |    38 |    30 |    21 |    20 |    31 ||   199
       Bread ration      |       |       |       |     1 |       |     2 |       |     3 |     9 ||    15
       Royal jelly       |       |       |       |       |       |       |       |       |     5 ||     5
       Fruit             |       |       |       |       |       |       |       |       |     3 ||     3
       Beef jerky        |       |       |       |       |       |       |       |       |     1 ||     1
Armor: Scale mail        |    74 |    20 |       |       |     3 |       |       |       |       ||    97
       Plate armour      |       |    42 |   404 |   493 |   545 |   447 |   217 |   308 |       ||  2456
       Gold dragon scale |       |       |       |       |       |       |       |   219 |  1945 ||  2164
Dodge: Dodged            |    48 |    25 |   103 |   265 |   752 |   606 |   383 |   705 |  2219 ||  5106
Block: Shield            |    59 |    68 |   386 |   567 |  1023 |  1301 |  1020 |  1726 |  1799 ||  7949
       Reflection        |       |       |       |       |       |   125 |   104 |   132 |   169 ||   530
       Large shield      |       |       |       |       |       |       |       |       |  7502 ||  7502
